 Dungeon Crawl Stone Soup version 0.17.0-56-gd8de76c (webtiles) character file.

3976 plasmid the Destroyer (level 10, 0/84 HPs)
             Began as a Red Draconian Conjurer on Dec 6, 2015.
             Was an Initiate of Vehumet.
             Slain by a yak (4 damage)
             ... on level 8 of the Dungeon.
             The game lasted 01:41:25 (7683 turns).

plasmid the Destroyer (Red Draconian Conjurer)      Turns: 7683, Time: 01:41:25

Health: 0/84       AC: 16    Str: 11      XL:     10   Next: 2%
Magic:  4/19       EV: 14    Int: 17      God:    Vehumet [......]
Gold:   202        SH:  0    Dex: 13 (14) Spells: 3 memorised, 13 levels left

rFire  + . .     SeeInvis .     d - +2 mace (protect)
rCold  . . .     Clarity  +     (armour unavailable)
rNeg   . . .     SustAt   .     (no shield)
rPois  .         Gourm    .     (helmet restricted)
rElec  +         Spirit   .     (no cloak)
rCorr  .         Warding  .     L - +1 pair of gloves
rMut   .         Rnd*Tele +     (no boots)
MR     .....                    P - amulet of clarity
Stlth  ++........               K - +2 ring of protection
                                j - +3 ring of dexterity

@: short of breath, not resistant to hostile enchantments, unstealthy
A: breathe fire, unfitting armour, antennae 1, stinger 1, talons 1,
deterioration 2, dopey 1, fire resistance 1, regeneration 1, screaming 1,
electricity resistance, teleportitis 1, cold-blooded, AC +7
a: Breathe Fire, Renounce Religion


You were on level 8 of the Dungeon.
You worshipped Vehumet.
Vehumet was noncommittal.
You were not hungry.

You visited 2 branches of the dungeon, and saw 9 of its levels.

You collected 371 gold pieces.
You spent 169 gold pieces at shops.

Inventory:

Hand Weapons
 c - a -1 club
 d - a +2 mace of protection (weapon)
 f - a +0 whip
 g - a +0 dagger
 i - a +0 whip
 l - a +0 dagger
 o - a +1 dagger of draining
 r - a +2 whip of electrocution
 t - a +0 spear
 B - a +0 antimagic whip
 C - a +0 trident
 G - a +2 short sword of draining
 H - a +0 mace
 J - a +0 hunting sling
 O - a +0 short sword
 T - a +0 spear of pain
Missiles
 h - 176 stones (quivered)
 y - 16 poisoned needles
Armour
 q - a +0 robe
 w - a +0 pair of gloves
 F - a +0 pair of gloves
 L - a +1 pair of gloves (worn)
Jewellery
 j - a +3 ring of dexterity (left hand)
 m - a cursed ring of positive energy
 u - an uncursed amulet of stasis
 x - an uncursed ring of protection from cold
 K - a +2 ring of protection (right hand)
 P - an amulet of clarity (around neck)
Wands
 V - a wand of enslavement (13)
Scrolls
 e - 7 scrolls of remove curse
 z - 2 scrolls of enchant armour
 N - 3 scrolls of identify
Potions
 n - 2 potions of might
Books
 a - a book of Conjurations

   Spells                             Type                      Level
   a - Magic Dart                     Conjuration                  1
   b - Searing Ray                    Conjuration                  2
   c - Dazzling Spray                 Conjuration/Hexes            3
   d - Fulminant Prism                Conjuration/Hexes            4
   e - Iskenderun's Mystic Blast      Conjuration                  4
   f - Iskenderun's Battlesphere      Conjuration/Charms           5
Comestibles
 b - 11 bread rations
 s - 3 chunks of flesh
 v - 2 meat rations
 D - 2 slices of pizza
 Q - a royal jelly


   Skills:
 + Level 6.4 Fighting
 - Level 4.1 Dodging
 - Level 2.1 Stealth
 + Level 6.3 Spellcasting
 * Level 11.2 Conjurations


You had 13 spell levels left.
You knew the following spells:

 Your Spells              Type           Power        Failure   Level  Hunger
a - Magic Dart            Conj           ####         1%          1    None
b - Dazzling Spray        Conj/Hex       ###.....     4%          3    ##.....
c - Iskenderun's Mystic   Conj           #####...     1%          4    ####...


Dungeon Overview and Level Annotations

Branches:
Dungeon (8/15)             Temple (1/1) D:6            Lair (0/8) D:8

Altars:
Ashenzari
Cheibriados
Dithmenos
Elyvilon
Fedhas
Gozag
Kikubaaqudgha
Makhleb
Nemelex Xobeh
Okawaru
Qazlal
Ru
Sif Muna
Trog
Vehumet
Zin
The Shining One

Shops:
D:4 *!*[(   D:6 *

Annotations:
D:8 Prince Ribbit


Innate Abilities, Weirdness & Mutations

You can breathe blasts of fire.
Your fiery red scales are hard (AC +7).
Your body does not fit into most forms of armour.
Your flesh is heat resistant.
You are cold-blooded and may be slowed by cold attacks.
You have a pair of small antennae on your head.
Your tail ends in a poisonous barb.
You have sharp toenails.
Your body often deteriorates upon taking damage.
You are dopey. (Int -2)
Your natural rate of healing is unusually fast.
You occasionally shout uncontrollably at your foes.
You are resistant to electric shocks.
You are occasionally teleported next to monsters.


Message History

Evoke which item? (* to show all) (? for menu, Esc to quit)
Zapping:
V - a wand of enslavement (15)
Press: ? - help, Shift-Dir - straight line, f - yak, p - Prince Ribbit
Aim: a yak (heavily wounded, chance to defeat MR: 46%)
The yak resists with some effort.
This wand has 14 charges left.
Prince Ribbit hits you!
* * * LOW HITPOINT WARNING * * *
Prince Ribbit hits you but does no damage.
The yak closely misses you.
As you read the scroll of fog, it crumbles to dust.
The scroll dissolves into smoke.
Prince Ribbit blinks!
The yak barely misses you.
Drink which item? (? for menu, Esc to quit)
Okay, then.
Zapping:
V - a wand of enslavement (14)
Press: ? - help, Shift-Dir - straight line, f - orc, p - yak
Aim: an orc, wielding a club and wearing a chain mail (chance to defeat MR: 81%)
The death yak resists with almost no effort.
This wand has 13 charges left.
The yak gores you.
You die...

#............#
#............#
#............#
#............#
######............ #
#..............#+###.##.
#..............#........
..............o#Y§......
.......)....).YY@§§.....
..)...........5#§§##....
.#####'####....#§§# .
#........#....####
.#........#......
.................. ##
.................. #.
..................
#+###. ..............
......


You could see a death yak, 2 yaks, a shadow imp and an orc.

Vanquished Creatures
  Erolcha (D:8)
  Pikel (D:7)
  A spriggan (D:7)
  Menkaure (D:7)
  An orc warrior (D:7)
  3 sky beasts (D:7)
  A black bear (D:7)
  An ogre (D:7)
  A centaur (D:7)
  2 phantoms
  3 giant frogs
  A water moccasin skeleton (D:7)
  3 scorpions
  11 killer bees
  A quasit (D:7)
  2 crimson imps
  A hound (D:7)
  A centaur zombie (D:7)
  A jelly (D:7)
  6 worker ants
  3 orc priests
  2 orc wizards
  Jessica (D:3)
  2 iguanas
  A killer bee zombie (D:7)
  A sheep (D:8)
  A hound skeleton (D:6)
  3 gnolls (D:3)
  A river rat (D:8)
  6 adders
  An adder skeleton (D:5)
  3 worms
  16 orcs
  7 giant cockroaches
  10 goblins
  11 hobgoblins
  16 jackals
  5 quokkas
  A ball python (D:7)
  11 bats
  4 giant geckos
  7 giant newts
  10 kobolds
  A quokka skeleton (D:6)
  8 rats
175 creatures vanquished.

Vanquished Creatures (others)
  2 crimson imps (D:7)
  An orc wizard (D:8)
3 creatures vanquished.

Grand Total: 178 creatures vanquished

Notes
Turn   | Place    | Note
--------------------------------------------------------------
     0 | D:1      | plasmid the Draconian Conjurer began the quest for the Orb.
     0 | D:1      | Reached XP level 1. HP: 14/14 MP: 3/3
   259 | D:1      | Reached skill level 1 in Fighting
   266 | D:1      | Reached XP level 2. HP: 12/23 MP: 0/5
   977 | D:1      | Reached XP level 3. HP: 28/28 MP: 4/6
  1430 | D:2      | Reached skill level 5 in Conjurations
  1465 | D:2      | Found a glowing golden altar of the Shining One.
  1736 | D:2      | Reached XP level 4. HP: 30/35 MP: 0/7
  1753 | D:2      | Learned a level 3 spell: Dazzling Spray
  2510 | D:3      | Noticed Jessica
  2517 | D:3      | Killed Jessica
  2809 | D:3      | Reached XP level 5. HP: 41/41 MP: 4/8
  3066 | D:3      | Reached skill level 6 in Conjurations
  3221 | D:4      | Found Vehed's Distillery.
  3230 | D:4      | Noticed a phantom
  3230 | D:4      | Bought a potion of mutation for 27 gold pieces
  3230 | D:4      | Bought a potion of curing for 33 gold pieces
  3230 | D:4      | Bought a potion of heal wounds for 55 gold pieces
  3230 | D:4      | Bought a potion of mutation for 27 gold pieces
  3230 | D:4      | Bought a potion of mutation for 27 gold pieces
  3301 | D:5      | Entered Level 5 of the Dungeon
  3337 | D:5      | Killed a phantom
  3337 | D:5      | Reached XP level 6. HP: 32/50 MP: 1/10
  3377 | D:4      | Found Ocvoichy's Assorted Antiques.
  3531 | D:4      | Learned a level 4 spell: Iskenderun's Mystic Blast
  3547 | D:4      | Found Teppipadgh's Assorted Antiques.
  3905 | D:4      | Found Veusuotyext's Antique Weapon Shoppe.
  3974 | D:4      | Found a shattered altar of Ashenzari.
  4178 | D:4      | Found Tyl Lau's Armour Boutique.
  4670 | D:5      | Found a snail-covered altar of Cheibriados.
  4670 | D:5      | Found a blossoming altar of Fedhas.
  4673 | D:5      | Found a shadowy altar of Dithmenos.
  4681 | D:5      | Your scales start taking on a fiery red colour.
  4681 | D:5      | Gained mutation: Your flesh is heat resistant. [Red Draconian growth]
  4681 | D:5      | Reached XP level 7. HP: 55/57 MP: 5/12
  4771 | D:5      | Reached skill level 7 in Conjurations
  5082 | D:6      | Found Anoufesi's General Store.
  5139 | D:6      | Found a staircase to the Ecumenical Temple.
  5149 | Temple   | Entered the Ecumenical Temple
  5353 | D:6      | Found a shadowy altar of Dithmenos.
  5463 | D:6      | Found a shattered altar of Ashenzari.
  5578 | D:6      | Gained mutation: Your tail ends in a poisonous barb. [potion of mutation]
  5578 | D:6      | Gained mutation: You are occasionally teleported next to monsters. [potion of mutation]
  5579 | D:6      | Gained mutation: You have sharp toenails. [potion of mutation]
  5580 | D:6      | Gained mutation: Your body sometimes deteriorates upon taking damage. [potion of mutation]
  5580 | D:6      | Gained mutation: Your natural rate of healing is unusually fast. [potion of mutation]
  5581 | D:6      | Gained mutation: You occasionally shout uncontrollably at your foes. [potion of mutation]
  5581 | D:6      | Gained mutation: You are dopey. (Int -2) [potion of mutation]
  5974 | D:7      | Noticed Menkaure
  5981 | D:7      | Killed Menkaure
  5981 | D:7      | Reached skill level 8 in Conjurations
  5981 | D:7      | Reached XP level 8. HP: 53/63 MP: 7/14
  6093 | D:7      | Gained mutation: You are resistant to electric shocks. [mutagenic meat]
  6123 | D:7      | Found a glowing silver altar of Zin.
  6378 | D:7      | Noticed a spriggan baker
  6394 | D:7      | Killed a spriggan baker
  6394 | D:7      | Reached skill level 9 in Conjurations
  6598 | D:7      | Gained mutation: You have a pair of small antennae on your head. [mutagenic meat]
  6600 | D:7      | Gained mutation: Your body often deteriorates upon taking damage. [mutagenic meat]
  6898 | D:7      | Reached XP level 9. HP: 72/72 MP: 1/16
  6922 | D:7      | Reached skill level 5 in Spellcasting
  7027 | D:7      | Noticed Pikel
  7052 | D:7      | Reached skill level 10 in Conjurations
  7137 | D:7      | Killed Pikel
  7137 | D:7      | Reached skill level 5 in Fighting
  7210 | D:7      | Found a sacrificial altar of Ru.
  7238 | D:7      | Found a radiant altar of Vehumet.
  7239 | D:7      | Found an ancient bone altar of Kikubaaqudgha.
  7252 | D:7      | Became a worshipper of Vehumet
  7533 | D:8      | Noticed Erolcha
  7542 | D:8      | Killed Erolcha
  7542 | D:8      | Reached skill level 11 in Conjurations
  7543 | D:8      | Reached XP level 10. HP: 71/83 MP: 3/19
  7623 | D:8      | Found a staircase to the Lair.
  7623 | D:8      | Noticed Prince Ribbit
  7624 | D:8      | Noticed a death yak
  7681 | D:8      | HP: 3/84 [Prince Ribbit (9)]
  7683 | D:8      | Slain by a yak

Action                   |  1- 3 |  4- 6 |  7- 9 | 10-12 || total
-------------------------+-------+-------+-------+-------++-------
Melee: Club              |    41 |    23 |       |       ||    64
       Whip              |       |    24 |       |       ||    24
       Mace              |       |    18 |   185 |     7 ||   210
 Cast: Magic Dart        |    90 |   157 |   118 |     8 ||   373
       Dazzling Spray    |       |     3 |     8 |     1 ||    12
       Iskenderun's Myst |       |       |    22 |     3 ||    25
 Abil: Breathe Fire      |       |       |     8 |     3 ||    11
Evoke: Wand              |       |       |     1 |     5 ||     6
  Use: Scroll            |       |     4 |     8 |     2 ||    14
       Potion            |       |     6 |    13 |       ||    19
 Stab: Invisible         |       |       |     1 |       ||     1
  Eat: Chunk             |     4 |     9 |    12 |     1 ||    26
       Fruit             |       |     1 |     2 |       ||     3
       Beef jerky        |       |     1 |     1 |       ||     2
       Bread ration      |       |       |     1 |       ||     1
